 Dungeon Crawl Stone Soup version 0.32-a0-818-gb728d0252e (webtiles) character file.

Game seed: 16503926034359835266

169389 Lanoc the Fencer (level 17, -1/137 (140) HPs)
             Began as a Coglin Chaos Knight on Mar 23, 2024.
             Was the Champion of Jiyva.
             Slain by an orb spider simulacrum (18 damage)
             ... on level 4 of the Spider Nest on Mar 24, 2024.
             The game lasted 01:02:34 (22468 turns).

Lanoc the Fencer (Coglin Chaos Knight)             Turns: 22468, Time: 01:02:35

HP:   -1/137 (140)  AC: 38    Str: 19    XL:     17   Next: 44%
MP:   17/17         EV: 14    Int: 20    God:    Jiyva [******]
Gold: 1085          SH:  0    Dex: 23    Spells: 16/16 levels left

rFire   + + .        Z - +2 double sword (protect) {Xiuying}
rCold   . . .        S - +8 falchion "Iduhuj" {heavy, rF+ Str+3 Dex+4 Stlth+}
rNeg    . . .        X - +10 plate armour "Lahiclui" {rF+ Will- Int+3 Dex+2}
rPois   +            (helmet restricted)
rElec   .            i - scarf {repulsion}
rCorr   +            C - +1 pair of gloves
SInv    .            L - +0 pair of boots {Fly}
Will    ++...        (amulet unavailable) Stlth
                     (ring unavailable)
HPRegen 2.02/turn    (ring unavailable)
MPRegen 0.95/turn    K - neocapacitor Mk.82 {Gadgeteer, rPois rCorr Slay+3}

%: repel missiles
@: about to teleport, under a protective aura, flying, lightly drained, revving
A: off-hand wielding, slow wielding, warmup strikes, no jewellery, antennae 1,
thin skeletal structure 1, clever 1, strong-willed 2, sense surroundings 3,
poison resistance, gelatinous body 1, evolution 1, MP-powered wands
}: 1/15 runes: slimy
a: Renounce Religion, Oozemancy, Slimify


You were on level 4 of the Spider Nest.
You worshipped Jiyva.
Jiyva was exalted by your worship.
You visited 6 branches of the dungeon, and saw 31 of its levels.
You also visited: Bailey, Ice Cave and Volcano.

You collected 2206 gold pieces.
You spent 1121 gold pieces at shops.

Inventory:

Hand Weapons
 m - a +1 scimitar of flaming {Koruri}
 Q - the +5 orcbow of Conscience {freeze, rElec}
   (You found it on level 5 of the Pits of Slime)

   rElec:     It insulates you from electricity.
 S - the +8 falchion "Iduhuj" (offhand) {heavy, rF+ Str+3 Dex+4 Stlth+}
   (You found it on level 5 of the Pits of Slime)

   Str+3:     It affects your strength (+3).
   Dex+4:     It affects your dexterity (+4).
   rF+:       It protects you from fire.
   Stlth+:    It makes you more stealthy.
 Z - a +2 double sword of protection (weapon) {Xiuying}
Missiles
 o - 7 curare-tipped darts
 M - 6 atropa-tipped darts
Armour
 i - a scarf of repulsion (worn)
 l - a +2 helmet
 x - an orb of light
 y - the +9 ring mail "Baodar" {rElec rPois Str-2}
   (You found it on level 6 of the Dungeon)

   Str-2:     It affects your strength (-2).
   rElec:     It insulates you from electricity.
   rPois:     It protects you from poison.
 C - a +1 pair of gloves (worn)
 L - a +0 pair of boots of flying (worn)
 X - the +10 plate armour "Lahiclui" (worn) {rF+ Will- Int+3 Dex+2}
   (You bought it in a shop on level 2 of the Orcish Mines)

   Int+3:     It affects your intelligence (+3).
   Dex+2:     It affects your dexterity (+2).
   rF+:       It protects you from fire.
   Will-:     It decreases your willpower.
Magical Staves
 O - the staff "Uczogah" {rF+ Int+5 Fire}
   (You found it on level 5 of the Pits of Slime)

   [staff of fire]

   Base accuracy: +5 Base damage: 5 Base attack delay: 1.2 This weapon's minimum
   attack delay (0.6) is reached at skill level 12.
   Int+5:     It affects your intelligence (+5).
   rF+:       It protects you from fire.
   Fire:      It increases the power of your Fire spells.
   It falls into the 'Staves' category.
   It is a one-graspered weapon.
Gizmo
 K - a neocapacitor Mk.82 (installed) {Gadgeteer, rPois rCorr Slay+3}
   (You invented it yourself on level 2 of the Lair of Beasts)

   [neocapacitor Mk.82]

   Gadgeteer: Your evocable items recharge 30% faster and wands have a 30%
   chance to not spend a charge.
   Slay+3:    It affects your accuracy & damage with ranged weapons and melee
   (+3).
   rPois:     It protects you from poison.
   rCorr:     It protects you from acid and corrosion.
Talismans
 q - a serpent talisman
Wands
 b - a wand of digging (10)
 j - a wand of light (7)
 n - a wand of polymorph (9)
 A - a wand of flame (19)
 T - a wand of paralysis (3)
Scrolls
 a - 2 scrolls of noise {unknown}
 c - a scroll of butterflies
 f - 15 scrolls of identify
 g - 2 scrolls of summoning {unknown}
 k - 3 scrolls of revelation
 p - 4 scrolls of enchant armour
 w - 5 scrolls of teleportation
 z - a scroll of enchant weapon
 F - a scroll of fog
 G - a scroll of amnesia
 I - a scroll of poison
 J - a scroll of torment
 R - 3 scrolls of fear
 W - 2 scrolls of blinking
 Y - a scroll of vulnerability
Potions
 d - 4 potions of haste
 e - 2 potions of attraction
 h - 2 potions of lignification
 r - a potion of enlightenment
 s - 2 potions of invisibility {unknown}
 t - 2 potions of might {unknown}
 u - 2 potions of cancellation
 v - 4 potions of brilliance
 B - 2 potions of curing
 E - a potion of berserk rage {unknown}
 H - a potion of magic {unknown}
 U - 2 potions of mutation {unknown}
Miscellaneous
 D - a phial of floods
 N - a tin of tremorstones (2/2)


   Skills:
 + Level 14.6 Fighting
 - Level 18.0 Long Blades
 + Level 13.3 Armour
 + Level 13.2 Dodging
 + Level 9.3 Evocations


You had 16 spell levels left.
You didn't know any spells.
Your spell library contained the following spells:

 Spells                   Type           Power      Damage    Failure   Level
 Apportation              Tloc           0%         N/A       95%         1
 Foxfire                  Conj/Fire      0%         2x1d4     95%         1
 Magic Dart               Conj           0%         1d3       95%         1
 Sandblast                Erth           0%         2d4       95%         1
 Lesser Beckoning         Tloc           0%         N/A       99%         2
 Momentum Strike          Conj/Tloc      0%         3d8       99%         2
 Searing Ray              Conj           0%         2d4       99%         2
 Sublimation of Blood     Necr           0%         N/A       99%         2
 Call Canine Familiar     Summ           0%         N/A       100%        3
 Gell's Gravitas          Tloc           0%         N/A       100%        3
 Inner Flame              Hex/Fire       0%         N/A       100%        3
 Stone Arrow              Conj/Erth      0%         3d7       100%        3
 Teleport Other           Tloc           0%         N/A       100%        3
 Brom's Barrelling Bould  Conj/Erth      0%         2d3       100%        4
 Flame Wave               Conj/Fire      0%         2d4       100%        4
 Fulminant Prism          Conj/Alch      0%         3d5       100%        4
 Manifold Assault         Tloc           0%         N/A       100%        4
 Martyr's Knell           Necr/Summ      0%         N/A       100%        4
 Petrify                  Alch/Erth      0%         N/A       100%        4
 Vhi's Electric Charge    Tloc/Air       0%         N/A       100%        4
 Alistair's Intoxication  Alch           0%         N/A       100%        5
 Arcjolt                  Conj/Air       0%         1d10      100%        5
 Borgnjor's Vile Clutch   Necr/Erth      0%         N/A       100%        5
 Irradiate                Conj/Alch      0%         3d11      100%        5
 Eringya's Noxious Bog    Alch           0%         4d6       100%        6
 Plasma Beam              Fire/Air       0%         2x1d10    100%        6
 Starburst                Conj/Fire      0%         6d3       100%        6
 Haunt                    Necr/Summ      0%         N/A       100%        7
 Borgnjor's Revivificati  Necr           0%         N/A       100%        8
 Death's Door             Necr           0%         N/A       100%        9


Dungeon Overview and Level Annotations

Branches:
Dungeon (14/15)            Temple (1/1) D:6            Lair (5/5) D:8
 Shoals (0/4) Lair:2       Spider (4/4) Lair:3        Slime (5/5) Lair:4
    Orc (2/2) D:11         Vaults (0/5) D:14         Bailey (visited)
  IceCv (visited)         Volcano (visited)
    Elf: Orc:2

Altars:
Ashenzari
Cheibriados
Dithmenos
Elyvilon
Fedhas
Gozag
Hepliaklqana
Kikubaaqudgha
Makhleb
Nemelex Xobeh
Okawaru
Qazlal
Ru
Sif Muna
Trog
Uskayaw
Vehumet
Wu Jian
Xom
Yredelemnul
Zin
The Shining One
Beogh
Jiyva

Shops:
D:2 =   Orc:1 ?   Orc:2 (*?=

Annotations:
D:6 3 runed translucent doors, exclusion: oklob plant, ViolentViolet's ghost, novice CoHs
D:9 1 runed translucent door, MagicSucks's ghost, journeyman NaHs
D:14 Roxanne
Slime:5 Royal Jelly


Innate Abilities, Weirdness & Mutations

You can wield a second weapon in your off-hand.
It takes a long time for you to wield or remove held weapons.
Your first few attacks do less damage.
You cannot equip rings or amulets.
You have a pair of small antennae on your head.
You have a somewhat thin skeletal structure. (Dex +2, Stealth+)
Your mind is acute. (Int +4, Str/Dex -1)
You are highly strong-willed. (Will++)
You passively map a large area around you.
Your system is resistant to poisons. (rPois)
Your rubbery body absorbs attacks. (AC +1, EV +1)
You have hidden genetic potential.
You expend magic power (3 MP) to strengthen your wands.


Message History

You struggle to detach yourself from the web.
The jumping spider pounces on you!
The jumping spider bites you but does no damage.
The culicivora chitters at something.
The jumping spider pounces on you but does no damage.
The jumping spider bites you but does no damage.
The orb spider simulacrum bites you but does no damage.
You hear a distant slurping noise.
The jumping spider pounces on you but does no damage.
The jumping spider bites you but does no damage.
The pharaoh ant bites you!!
* * * LOW HITPOINT WARNING * * *
The web tears apart.
The steelbarb worm's soul is no longer bound.
The jumping spider leaps!
The jumping spider barely misses you. The jumping spider closely misses you.
The jumping spider misses you. The jumping spider bites you.
* * * LOW HITPOINT WARNING * * *
The orb spider simulacrum barely misses you.
The pharaoh ant bites you but does no damage.
The jumping spider leaps!
You feel better. The jumping spider pounces on you!
* * * LOW HITPOINT WARNING * * *
The jumping spider closely misses you. The pharaoh ant barely misses you.
The orb spider simulacrum closely misses you.
The jumping spider leaps!
The jumping spider pounces on you but does no damage.
The jumping spider misses you.
You slice the jumping spider with the +8 falchion "Iduhuj"!!
The jumping spider is almost dead.
You slash the jumping spider with your +2 double sword of protection!
Your weapon exudes an aura of protection.
You kill the jumping spider!
The jumping spider's soul is no longer bound.
The pharaoh ant misses you.
The jumping spider leaps!
The jorogumo closely misses you. The orb spider simulacrum bites you.
* * * LOW HITPOINT WARNING * * *
The orb spider simulacrum freezes you!!
You die...
Jiyva sends a jelly to digest your remains.

,,,, .^###.*##... ^ ,
..^#.#^~..# , , , * , ,
,......... ^ , , ,,, , ,
...^....## , * * ,,
.......^#*, . ,
,ysZ....###.###.#* , , ,
{#w#......#.#.~.* ^. * ,,
, ##B###.....^...##..# ^
, , ,
##sH@##.†J.......#... ,,
, ,
##.°sZ.##............. *
,.........°.........J^..#
,..##.....##........#....
* , ..
##...##........#.##.. , *
. ##.###...........^..
*** , #.#^......###..#...
^^ .# *
^*#.######.........#. *,
...### *## ##^........#.#


You could see a jorogumo, a steelbarb worm, a sun moth, a culicivora, a pharaoh
ant, 2 jumping spiders and an orb spider simulacrum (corroded).

Vanquished Creatures
  A golden dragon (IceCv)
  Donald (Spider:2)
  An emperor scorpion (Spider:3)
  2 ghost moths
  An orc warlord (Bailey)
  A broodmother (Spider:4)
  2 spark wasps (Spider:1)
  A red draconian (Volcano)
  Snorg (Lair:5)
  5 entropy weavers
  5 ice dragons (IceCv)
  Josephine (D:10)
  4 hydras
  A jorogumo (Spider:1)
  5 radroaches
  An ogre mage (Volcano)
  Erica (D:10)
  3 boulder beetles
  2 centaur warriors
  7 two-headed ogres
  5 orc high priests (Orc:2)
  3 demonic crawlers
  3 skysharks (Lair:5)
  A fire crab (Lair:4)
  Amaemon (Lair:1)
  8 pharaoh ants
  8 skeletal warriors
  3 orb spiders
  2 sun moths
  6 steelbarb worms
  Pikel (D:6)
  An orange crystal statue (IceCv)
  4 orc knights (Orc:2)
  3 deep elf pyromancers
  2 orc sorcerers
  16 wolf spiders
  2 cyclopes
  A moth of wrath (Spider:2)
  3 oklob plants (Lair:4)
  22 elephants
  A kobold blastminer (Orc:1)
  A meliai (Spider:4)
  A guardian serpent (Lair:5)
  11 black mambas
  An orange demon (Lair:1)
  2 molten gargoyles (Volcano)
  16 cane toads
  A gargoyle (D:13)
  Maggie (D:9)
  4 torpor snails
  6 rime drakes
  8 komodo dragons
  8 storm dragon simulacra (IceCv)
  2 unseen horrors (D:11)
  A kobold demonologist (D:13)
  Psyche (D:9)
  4 golden dragon simulacra (IceCv)
  A wolf spider simulacrum (D:13)
  7 dream sheep
  5 trolls
  10 blink frogs
  2 hornets (Lair:5)
  20 tarantellas
  A snapping turtle (Lair:2)
  25 jumping spiders
  19 culicivoras
  2 shadows (D:10)
  A water elemental (Lair:2)
  7 wraiths
  36 yaks
  15 wyverns
  7 fire bats
  2 wargs (Orc:1)
  4 basilisks
  A steam dragon (Lair:3)
  41 redbacks
  10 vampire mosquitoes
  Edmund (D:6)
  2 acid dragons (D:11)
  An acid dragon (shapeshifter) (D:11)
  28 water moccasins
  A sky beast (D:7)
  3 ice dragon simulacra (IceCv)
  24 orc warriors
  2 black bears
  3 ice beasts (D:7)
  4 ogres
  11 wolves
  3 centaurs
  A lemure (D:6)
  4 kobold brigands
  12 bullfrogs
  2 scorpions
  8 wights
  6 lindwurm simulacra (IceCv)
  9 killer bees
  5 howler monkeys
  7 electric eels
  6 lava snakes (Volcano)
  6 hounds
  4 jellies
  31 orc priests
  3 iguanas
  14 orc wizards
  3 hell rats (Lair:4)
  5 gnolls
  8 adders
  2 shadow imps
  3 white imps
  An ufetubus (D:7)
  7 dart slugs
  A ribbon worm (D:2)
  69 orcs
  5 endoplasms
  6 giant cockroaches
  19 goblins
  9 hobgoblins
  8 jackals
  27 kobolds
  4 quokkas
  6 ball pythons
  5 bats
  8 frilled lizards
  7 rats
  A spectral kobold (D:9)
831 creatures vanquished.

Vanquished Creatures (collateral kills)
  2 orb spiders
  A kobold blastminer (Orc:1)
  A sky beast (D:7)
  A killer bee (D:7)
  An ufetubus (D:7)
6 creatures vanquished.

Vanquished Creatures (others)
  An anaconda (D:8)
  8 slime creatures
  4 yaks
  A redback (Spider:1)
  A water moccasin (Lair:1)
  An orc warrior (Orc:2)
  64 jellies
  2 orc priests (Orc:2)
  A hell rat (Lair:4)
  7 orcs (Orc:2)
  A kobold zombie (Bailey)
  2 butterflies (Lair:3)
93 creatures vanquished.

Grand Total: 930 creatures vanquished

Notes
Turn   | Place    | Note
-------+----------+-------------------------------------------
     0 | D:1      | Lanoc the Coglin Chaos Knight began the quest for the Orb.
     0 | D:1      | Reached XP level 1. HP: 18/18 MP: 1/1
    13 | D:1      | XOM: divination: detect items
    14 | D:1      | Reached skill level 1 in Dodging
    57 | D:1      | XOM is BORED!
    96 | D:1      | Reached XP level 2. HP: 23/24 MP: 2/2
   500 | D:1      | Reached XP level 3. HP: 21/29 MP: 3/3
  1064 | D:2      | XOM is BORED!
  1064 | D:2      | XOM: noise
  1167 | D:2      | Reached XP level 4. HP: 35/35 MP: 4/4
  1306 | D:2      | Found Weceeh's Jewellery Shop.
  1820 | D:3      | Found a roughly hewn altar of Beogh.
  2057 | D:3      | XOM: summons 2 hostile shadow creatures
  2084 | D:3      | Found a faded altar of an unknown god.
  2149 | D:3      | XOM: draining
  2173 | D:3      | Reached skill level 4 in Long Blades
  2175 | D:3      | Reached XP level 5. HP: 31/39 MP: 5/5
  2346 | D:3      | XOM: silly message
  2473 | D:4      | XOM: 2-stop teleportation journey
  2498 | D:4      | XOM: give mutations
  2498 | D:4      | Gained mutation: You are occasionally teleported next to
                  | monsters. [Xom's mischief]
  2498 | D:4      | Gained mutation: You occasionally shout uncontrollably at
                  | your foes. [Xom's mischief]
  2498 | D:4      | Gained mutation: You are vulnerable to heat. (rF-) [Xom's
                  | mischief]
  2542 | D:4      | XOM: stat loss: -1 Int (11/12)
  2555 | D:4      | Reached XP level 6. HP: 35/48 MP: 6/6
  2814 | D:4      | XOM: summons 1 hostile demon
  2831 | D:4      | XOM: summons 3 hostile shadow creatures
  3011 | D:4      | Found a hide-covered altar of Uskayaw.
  3177 | D:4      | XOM: noise
  3186 | D:5      | Entered Level 5 of the Dungeon
  3194 | D:5      | Reached skill level 5 in Long Blades
  3220 | D:5      | XOM: chaos cloud
  3229 | D:5      | Reached XP level 7. HP: 54/54 MP: 7/7
  3292 | D:5      | XOM: 1-stop teleportation journey
  3356 | D:5      | XOM: summons 2 hostile demons
  3492 | D:5      | Found a sparkling altar of Nemelex Xobeh.
  3514 | D:5      | XOM: smoke on damage
  3629 | D:5      | XOM: give mutations
  3629 | D:5      | Gained mutation: You occasionally lose the ability to read
                  | scrolls when taking damage. [Xom's mischief]
  3629 | D:5      | Gained mutation: Your mind is acute. (Int +4, Str/Dex -1)
                  | [Xom's mischief]
  3782 | D:6      | XOM: noise
  3787 | D:6      | Noticed Pikel
  3799 | D:6      | Killed Pikel
  3800 | D:6      | Reached skill level 5 in Fighting
  3800 | D:6      | Reached skill level 6 in Long Blades
  3800 | D:6      | Reached XP level 8. HP: 26/62 MP: 8/8
  3826 | D:6      | Noticed Edmund
  3839 | D:6      | Killed Edmund
  3985 | D:6      | Found a staircase to the Ecumenical Temple.
  4023 | D:6      | Reached skill level 7 in Long Blades
  4049 | Temple   | Entered the Ecumenical Temple
  4180 | D:6      | Found a blossoming altar of Fedhas.
  4231 | D:6      | Noticed an oklob plant
  4314 | D:6      | Found a glowing silver altar of Zin.
  4323 | D:6      | Found a radiant altar of Vehumet.
  4352 | D:6      | XOM: potion effect (curing)
  4492 | D:6      | Found a runed translucent gate.
  4493 | D:6      | Found a runed translucent gate.
  4493 | D:6      | Noticed a kobold demonologist
  4493 | D:6      | Noticed ViolentViolet's ghost (novice CoHs)
  4494 | D:6      | Found a runed translucent gate.
  4602 | D:6      | Identified the +9 ring mail "Baodar" {rElec rPois Str-2}
  4618 | D:6      | XOM: god gift: murky yellow potion {god gift}
  4624 | D:6      | XOM: give mutations
  4624 | D:6      | Gained mutation: Your spells are a little harder to cast,
                  | but a little more powerful. [Xom's grace]
  4624 | D:6      | Gained mutation: You have a pair of small horns on your
                  | head. [Xom's grace]
  4624 | D:6      | Gained mutation: You are resistant to electric shocks.
                  | (rElec) [Xom's grace]
  5106 | D:7      | Reached XP level 9. HP: 58/69 MP: 9/9
  5112 | D:7      | XOM: confuse monster(s)
  5129 | D:7      | XOM: summons friendly ufetubus
  5131 | D:7      | Reached skill level 5 in Armour
  5153 | D:7      | Reached skill level 8 in Long Blades
  5158 | D:7      | XOM: fog
  5164 | D:7      | XOM: summons friendly ice devil
  5170 | D:7      | Identified the +2 sling of Freezing Watchfulness {heavy,
                  | rF+ Str+2 Dex+3}
  5179 | D:7      | Found a transporter.
  5246 | D:7      | Reached skill level 5 in Dodging
  5304 | D:7      | Found a transporter.
  5789 | D:7      | XOM: give mutations
  5789 | D:7      | Gained mutation: You expend magic power (3 MP) to
                  | strengthen your wands. [Xom's grace]
  5789 | D:7      | Gained mutation: Your system is resistant to poisons.
                  | (rPois) [Xom's grace]
  5789 | D:7      | Gained mutation: You are robust. (+10% HP) [Xom's grace]
  5802 | D:7      | XOM: give mutations
  5802 | D:7      | Gained mutation: You are partially covered in iridescent
                  | scales. (AC +2) [Xom's grace]
  5802 | D:7      | Gained mutation: You have a pair of horns on your head.
                  | [Xom's grace]
  5802 | D:7      | Gained mutation: You have a somewhat thin skeletal
                  | structure. (Dex +2, Stealth+) [Xom's grace]
  5802 | D:7      | Gained mutation: Your natural rate of healing is unusually
                  | fast. [Xom's grace]
  6068 | D:7      | XOM: give mutation
  6068 | D:7      | Lost mutation: You are resistant to electric shocks.
                  | (rElec) [Xom's mischief]
  6132 | D:8      | XOM: confuse monster(s)
  6138 | D:8      | XOM: confuse monster(s)
  6146 | D:8      | XOM: divination: magic mapping
  6200 | D:8      | Reached skill level 9 in Long Blades
  6202 | D:8      | XOM: blink monster(s)
  6212 | D:8      | Noticed a troll
  6221 | D:8      | Killed a troll
  6222 | D:8      | Reached XP level 10. HP: 40/84 MP: 10/10
  6274 | D:8      | Found a staircase to the Lair.
  6291 | D:8      | XOM: smoke on damage
  6443 | D:8      | XOM: potion effect (attraction)
  6492 | D:8      | XOM: 1-stop teleportation journey
  6660 | D:8      | XOM: silly message
  6676 | D:8      | Found a transporter.
  6714 | D:8      | Found a bloodstained altar of Trog.
  6714 | D:8      | Found a shadowy altar of Dithmenos.
  6714 | D:8      | Found a snail-covered altar of Cheibriados.
  6853 | D:8      | XOM: noise
  6877 | D:8      | Found an ancient bone altar of Kikubaaqudgha.
  6932 | D:8      | Found a viscous altar of Jiyva.
  6947 | D:8      | Found a transporter.
  7025 | D:8      | XOM: god gift: ring of ice
  7049 | D:8      | XOM: noise
  7393 | D:8      | a slime creature changed into an anaconda
  7393 | D:8      | Noticed an anaconda
  7393 | D:8      | XOM: polymorph slime creature -> anaconda
  7394 | D:8      | Fell from the grace of Xom
  7394 | D:8      | Became a worshipper of Jiyva Jaebeal the Shapeless
  7412 | D:8      | Identified the ring "Pozxagat" {rC+ SInv}
  7417 | D:8      | Killed an anaconda
  7425 | D:8      | Got Otemimiehu's Quarto of the Gang and Anthracomancy
  7517 | D:9      | Reached skill level 10 in Long Blades
  7583 | D:9      | XOM: noise
  7594 | D:9      | XOM: 5-stop teleportation journey
  7654 | D:9      | Reached XP level 11. HP: 93/94 MP: 11/11
  7682 | D:9      | Noticed Maggie
  7689 | D:9      | Killed Maggie
  7698 | D:9      | Reached * piety under Jiyva
  7705 | D:9      | Reached skill level 11 in Long Blades
  7743 | D:9      | Found a hazy altar of Hepliaklqana.
  7879 | D:9      | Found a stormy altar of Qazlal.
  7881 | D:9      | Noticed Psyche
  7885 | D:9      | Killed Psyche
  7983 | D:9      | Found a runed translucent door.
  7983 | D:9      | Noticed MagicSucks's ghost (journeyman NaHs)
  8069 | D:10     | Entered Level 10 of the Dungeon
  8071 | D:10     | Noticed Josephine
  8079 | D:10     | Found a flagged portal.
  8124 | D:10     | HP: 4/139 [wraith[Josephine] (9)]
  8133 | D:10     | Killed Josephine
  8159 | Bailey   | Entered a bailey
  8163 | Bailey   | XOM: 1-stop teleportation journey
  8171 | Bailey   | Found a runed translucent gate.
  8186 | Bailey   | XOM: give mutations
  8186 | Bailey   | Lost mutation: Your mind is acute. (Int +4, Str/Dex -1)
                  | [Xom's mischief]
  8186 | Bailey   | Lost mutation: Your natural rate of healing is unusually
                  | fast. [Xom's mischief]
  8186 | Bailey   | Gained mutation: You sometimes lose the ability to read
                  | scrolls when taking damage. [Xom's mischief]
  8186 | Bailey   | Gained mutation: You are dopey. (Int -2) [Xom's mischief]
  8206 | Bailey   | Found a runed translucent gate.
  8208 | Bailey   | Found a runed translucent gate.
  8241 | Bailey   | XOM: summons 2 hostile shadow creatures
  8284 | Bailey   | Reached ** piety under Jiyva
  8300 | Bailey   | Noticed an orc warlord
  8470 | Bailey   | Killed an orc warlord
  8614 | D:10     | Noticed Erica
  8614 | D:10     | XOM: torment (49/95 hp)
  8627 | D:10     | Killed Erica
  8678 | D:10     | Found an opulent altar of Gozag.
  8785 | D:10     | Found a glowing golden altar of the Shining One.
  8963 | D:11     | Reached skill level 12 in Long Blades
  9076 | D:11     | Noticed a boulder beetle
  9101 | D:11     | Reached skill level 13 in Long Blades
  9101 | D:11     | Reached XP level 12. HP: 32/105 MP: 12/12
  9246 | D:11     | XOM: blink monster(s)
  9260 | D:11     | Reached *** piety under Jiyva
  9274 | D:11     | Found a staircase to the Orcish Mines.
  9640 | D:11     | Killed a boulder beetle
  9788 | D:11     | Lost mutation: You have a pair of horns on your head.
                  | [Jiyva's grace]
  9788 | D:11     | Lost mutation: Your system is resistant to poisons. (rPois)
                  | [Jiyva's grace]
  9788 | D:11     | Lost mutation: You occasionally shout uncontrollably at
                  | your foes. [Jiyva's grace]
  9788 | D:11     | Lost mutation: You sometimes lose the ability to read
                  | scrolls when taking damage. [Jiyva's grace]
  9788 | D:11     | Gained mutation: You are covered in slimy tendrils that may
                  | disarm your opponents. [Jiyva's grace]
  9788 | D:11     | Gained mutation: Your melee attacks may engulf your foes in
                  | ooze. [Jiyva's grace]
  9788 | D:11     | Gained mutation: Your muscles are strong. (Str +4, Int/Dex
                  | -1) [Jiyva's grace]
  9788 | D:11     | Gained mutation: Your muscles are very strong. (Str +8,
                  | Int/Dex -2) [Jiyva's grace]
  9897 | D:11     | XOM: polymorph acid dragon -> shapeshifter
  9926 | D:12     | Noticed a two-headed ogre
  9926 | D:12     | Noticed a two-headed ogre
 10020 | D:12     | Reached XP level 13. HP: 113/113 MP: 13/13
 10090 | D:12     | Reached **** piety under Jiyva
 10127 | D:12     | Reached skill level 10 in Fighting
 10306 | D:12     | XOM: enchant monster (bad)
 10343 | D:13     | XOM: 1-stop teleportation journey
 10408 | D:13     | Reached skill level 14 in Long Blades
 10472 | D:13     | XOM: blink monster(s)
 10731 | D:13     | Reached ***** piety under Jiyva
 10908 | D:12     | Lost mutation: You are dopey. (Int -2) [Jiyva's grace]
 10908 | D:12     | Lost mutation: Your muscles are very strong. (Str +8,
                  | Int/Dex -2) [Jiyva's grace]
 10908 | D:12     | Lost mutation: You are occasionally teleported next to
                  | monsters. [Jiyva's grace]
 10908 | D:12     | Lost mutation: You are vulnerable to heat. (rF-) [Jiyva's
                  | grace]
 10908 | D:12     | Lost mutation: Your melee attacks may engulf your foes in
                  | ooze. [Jiyva's grace]
 10908 | D:12     | Gained mutation: You passively map a small area around you.
                  | [Jiyva's grace]
 10908 | D:12     | Gained mutation: You passively map the area around you.
                  | [Jiyva's grace]
 10908 | D:12     | Gained mutation: You passively map a large area around you.
                  | [Jiyva's grace]
 10908 | D:12     | Gained mutation: Your translucent skin slightly reduces
                  | your foes' accuracy. (Stealth+) [Jiyva's grace]
 10923 | D:12     | You fall into a shaft and drop 2 floors!
 10933 | D:14     | Noticed a vault guard
 11468 | D:14     | Noticed Roxanne
 11515 | D:14     | Found a gate to the Vaults.
 11515 | D:14     | XOM: 1-stop teleportation journey
 11532 | D:14     | Noticed a vault guard
 11554 | D:14     | Noticed a vault guard
 11667 | Lair:1   | Entered Level 1 of the Lair of Beasts
 11954 | Lair:1   | XOM: summons 4 hostile shadow creatures
 11983 | Lair:1   | Noticed Amaemon
 12001 | Lair:1   | Killed Amaemon
 12175 | Lair:1   | Reached skill level 15 in Long Blades
 12389 | Lair:2   | Reached skill level 10 in Armour
 12389 | Lair:2   | Reached XP level 14. HP: 124/124 MP: 14/14
 12389 | Lair:2   | Acquired a neocapacitor Mk.82 {Gadgeteer, rPois rCorr
                  | Slay+3}
 12466 | Lair:2   | Reached skill level 1 in Evocations
 12561 | Lair:2   | Reached ****** piety under Jiyva
 12598 | Lair:2   | Reached skill level 10 in Dodging
 12687 | Lair:2   | Identified the +3 rapier of Nemelex Xobeh's Envy {flame,
                  | rPois}
 12729 | Lair:2   | Lost mutation: You are robust. (+10% HP) [Jiyva's grace]
 12729 | Lair:2   | Lost mutation: Your spells are a little harder to cast, but
                  | a little more powerful. [Jiyva's grace]
 12729 | Lair:2   | Lost mutation: Your translucent skin slightly reduces your
                  | foes' accuracy. (Stealth+) [Jiyva's grace]
 12729 | Lair:2   | Gained mutation: You are partially covered in large bone
                  | plates. (SH +4) [Jiyva's grace]
 12729 | Lair:2   | Gained mutation: You are mostly covered in large bone
                  | plates. (SH +6) [Jiyva's grace]
 12729 | Lair:2   | Gained mutation: You are completely covered in large bone
                  | plates. (SH +8) [Jiyva's grace]
 12729 | Lair:2   | Gained mutation: Your system is resistant to poisons.
                  | (rPois) [Jiyva's grace]
 13127 | Lair:2   | Found a staircase to the Shoals.
 13393 | Lair:3   | Identified the +1 robe of the Maze {rF+ rC+ rN+ Str-4}
 13492 | Lair:3   | Found a hole to the Spider Nest.
 14168 | Lair:4   | XOM: summons 14 hostile demons
 14255 | Lair:4   | Reached skill level 16 in Long Blades
 14278 | Lair:4   | Lost mutation: You have a pair of small horns on your head.
                  | [Jiyva's grace]
 14278 | Lair:4   | Lost mutation: You are completely covered in large bone
                  | plates. (SH +8) [Jiyva's grace]
 14278 | Lair:4   | Lost mutation: You are mostly covered in large bone plates.
                  | (SH +6) [Jiyva's grace]
 14278 | Lair:4   | Lost mutation: Your muscles are strong. (Str +4, Int/Dex
                  | -1) [Jiyva's grace]
 14278 | Lair:4   | Lost mutation: You are covered in slimy tendrils that may
                  | disarm your opponents. [Jiyva's grace]
 14278 | Lair:4   | Lost mutation: You occasionally lose the ability to read
                  | scrolls when taking damage. [Jiyva's grace]
 14278 | Lair:4   | Gained mutation: You are agile. (Dex +4, Str/Int -1)
                  | [Jiyva's grace]
 14278 | Lair:4   | Gained mutation: You are very agile. (Dex +8, Str/Int -2)
                  | [Jiyva's grace]
 14278 | Lair:4   | Gained mutation: Armour fits poorly on your pseudopods.
                  | [Jiyva's grace]
 14278 | Lair:4   | Gained mutation: Armour fits poorly on your large
                  | pseudopods. [Jiyva's grace]
 14309 | Lair:4   | Found a staircase to the Slime Pits.
 14328 | Lair:4   | XOM: summons 8 hostile demons
 14502 | Lair:4   | XOM: blink monster(s)
 14873 | Lair:4   | XOM: draining
 15119 | Slime:1  | Entered Level 1 of the Pits of Slime
 15259 | Slime:1  | Noticed a rockslime
 15330 | Slime:2  | Noticed a rockslime
 15339 | Slime:2  | Noticed a quicksilver ooze
 15341 | Slime:2  | Noticed a quicksilver ooze
 15348 | Slime:2  | Noticed an acid blob
 15349 | Slime:2  | Noticed a quicksilver ooze
 15354 | Slime:3  | XOM: noise
 15356 | Slime:3  | Noticed an acid blob
 15358 | Slime:3  | Noticed an azure jelly
 15392 | Slime:4  | XOM: noise
 15392 | Slime:4  | Noticed an acid blob
 15392 | Slime:4  | Noticed a rockslime
 15400 | Slime:4  | Noticed a quicksilver ooze
 15401 | Slime:4  | Noticed an azure jelly
 15435 | Slime:4  | Noticed an acid blob
 15438 | Slime:4  | Noticed an acid blob
 15444 | Slime:4  | Noticed an azure jelly
 15465 | Slime:5  | Entered Level 5 of the Pits of Slime
 15494 | Slime:5  | Identified the staff "Uczogah" {rF+ Int+5 Fire}
 15496 | Slime:5  | Identified the +6 whip "Plog" {freeze, Fly Str+4 SInv}
 15502 | Slime:5  | Noticed an acid blob
 15507 | Slime:5  | Noticed an acid blob
 15508 | Slime:5  | Noticed an acid blob
 15527 | Slime:5  | Noticed an acid blob
 15546 | Slime:5  | Noticed an acid blob
 15551 | Slime:5  | Identified the +3 kite shield of Leapfrog {^Contam rC++
                  | rCorr}
 15558 | Slime:5  | Noticed an acid blob
 15577 | Slime:5  | Noticed a quicksilver ooze
 15584 | Slime:5  | Noticed an azure jelly
 15602 | Slime:5  | Got the Vellum of Wanderlust and the Swarm
 15603 | Slime:5  | Identified the ring "Danuofunt" {Wiz Fly}
 15604 | Slime:5  | Identified the +5 orcbow of Conscience {freeze, rElec}
 15606 | Slime:5  | Identified the ring of the Dolphin {rC+ Dex+3 SInv}
 15608 | Slime:5  | Identified the +2 plate armour "Qyno" {rPois SInv}
 15613 | Slime:5  | Noticed an acid blob
 15621 | Slime:5  | Noticed the Royal Jelly
 15642 | Slime:5  | Noticed an acid blob
 15659 | Slime:5  | Got a starry gem with 71 turns to spare
 15661 | Slime:5  | Got a slimy rune of Zot
 15662 | Slime:5  | Identified the +8 falchion "Iduhuj" {heavy, rF+ Str+3 Dex+4
                  | Stlth+}
 15662 | Slime:5  | Noticed a rockslime
 15695 | Slime:5  | Noticed an azure jelly
 15732 | Slime:5  | Found a viscous altar of Jiyva.
 15760 | Slime:5  | Noticed an acid blob
 15768 | Slime:5  | Noticed an acid blob
 15797 | Slime:5  | XOM: summons 6 hostile demons
 15910 | Slime:3  | Noticed an acid blob
 15911 | Slime:3  | Noticed a quicksilver ooze
 15913 | Slime:3  | Noticed an acid blob
 15915 | Slime:3  | Noticed a rockslime
 15916 | Slime:3  | Noticed an azure jelly
 15924 | Slime:2  | Noticed an acid blob
 15927 | Slime:1  | Noticed a formless jellyfish
 15927 | Slime:1  | Noticed a formless jellyfish
 15927 | Slime:1  | Noticed a quicksilver ooze
 15927 | Slime:1  | Noticed an acid blob
 15927 | Slime:1  | Noticed a rockslime
 16132 | Lair:5   | Entered Level 5 of the Lair of Beasts
 16228 | Lair:5   | Reached XP level 15. HP: 92/119 MP: 15/15
 16385 | Lair:5   | Noticed Snorg
 16397 | Lair:5   | Killed Snorg
 16633 | Lair:5   | XOM: give mutations
 16633 | Lair:5   | Lost mutation: You are partially covered in large bone
                  | plates. (SH +4) [Xom's mischief]
 16633 | Lair:5   | Lost mutation: You passively map a large area around you.
                  | [Xom's mischief]
 16633 | Lair:5   | Lost mutation: Armour fits poorly on your large pseudopods.
                  | [Xom's mischief]
 16773 | Lair:5   | Lost mutation: You are partially covered in iridescent
                  | scales. (AC +2) [Jiyva's grace]
 16773 | Lair:5   | Lost mutation: You passively map the area around you.
                  | [Jiyva's grace]
 16773 | Lair:5   | Gained mutation: Your rubbery body absorbs attacks. (AC +1,
                  | EV +1) [Jiyva's grace]
 16773 | Lair:5   | Gained mutation: Your pliable body absorbs attacks. (AC +2,
                  | EV +2) [Jiyva's grace]
 16773 | Lair:5   | Gained mutation: Your gelatinous body deflects attacks. (AC
                  | +3, EV +3) [Jiyva's grace]
 16773 | Lair:5   | Gained mutation: You have a pair of small antennae on your
                  | head. [Jiyva's grace]
 16788 | Lair:5   | Reached skill level 17 in Long Blades
 17129 | Lair:5   | XOM: polymorph jelly -> bat
 17460 | Orc:1    | Entered Level 1 of the Orcish Mines
 17492 | Orc:1    | Found a dark tunnel.
 17509 | Volcano  | Entered a volcano
 17587 | Volcano  | Found a bloodstained altar of Trog.
 17681 | Volcano  | XOM: give mutations
 17681 | Volcano  | Gained mutation: You have a moderately thin skeletal
                  | structure. (Dex +4, Stealth++) [Xom's mischief]
 17681 | Volcano  | Lost mutation: Armour fits poorly on your pseudopods.
                  | [Xom's mischief]
 17681 | Volcano  | Lost mutation: Your gelatinous body deflects attacks. (AC
                  | +3, EV +3) [Xom's mischief]
 17681 | Volcano  | Lost mutation: You passively map a small area around you.
                  | [Xom's mischief]
 17854 | Orc:1    | You fall into a shaft and drop 1 floor!
 17854 | Orc:2    | Entered Level 2 of the Orcish Mines
 18164 | Orc:2    | Found a roughly hewn altar of Beogh.
 18291 | Orc:2    | Lost mutation: You have a moderately thin skeletal
                  | structure. (Dex +4, Stealth++) [Jiyva's grace]
 18291 | Orc:2    | Lost mutation: You are very agile. (Dex +8, Str/Int -2)
                  | [Jiyva's grace]
 18291 | Orc:2    | Lost mutation: You are agile. (Dex +4, Str/Int -1) [Jiyva's
                  | grace]
 18291 | Orc:2    | Lost mutation: Your pliable body absorbs attacks. (AC +2,
                  | EV +2) [Jiyva's grace]
 18291 | Orc:2    | Gained mutation: You are strong-willed. (Will+) [Jiyva's
                  | grace]
 18291 | Orc:2    | Gained mutation: You are highly strong-willed. (Will++)
                  | [Jiyva's grace]
 18291 | Orc:2    | Gained mutation: You are extremely strong-willed. (Will+++)
                  | [Jiyva's grace]
 18291 | Orc:2    | Gained mutation: Your pliable body absorbs attacks. (AC +2,
                  | EV +2) [Jiyva's grace]
 18617 | Orc:2    | Found Lyqiro's Weapon Shoppe.
 18617 | Orc:2    | Found Verutypy's Jewellery Shoppe.
 18618 | Orc:2    | Found Xayson's Assorted Antiques.
 18618 | Orc:2    | Found Xiaf Geit's Magic Scroll Shoppe.
 18628 | Orc:2    | Bought a scroll of blinking for 90 gold pieces
 18628 | Orc:2    | Bought a scroll of identify for 24 gold pieces
 18632 | Orc:2    | Bought an ichor-stained plate armour for 812 gold pieces
 18632 | Orc:2    | Identified the +10 plate armour "Lahiclui" {rF+ Will- Int+3
                  | Dex+2} (You bought it in a shop on level 2 of the Orcish
                  | Mines)
 18845 | Orc:1    | Found Oceaf's Magic Scroll Shoppe.
 18848 | Orc:1    | Bought 3 scrolls of fear for 156 gold pieces
 18848 | Orc:1    | Bought a scroll of teleportation for 39 gold pieces
 19228 | Spider:1 | Entered Level 1 of the Spider Nest
 19243 | Spider:1 | Reached XP level 16. HP: 69/130 MP: 16/16
 19538 | Spider:1 | Reached skill level 18 in Long Blades
 19584 | Spider:1 | XOM: give mutations
 19584 | Spider:1 | Gained mutation: Your mind is acute. (Int +4, Str/Dex -1)
                  | [Xom's grace]
 19584 | Spider:1 | Gained mutation: You are agile. (Dex +4, Str/Int -1) [Xom's
                  | grace]
 19584 | Spider:1 | Was forgiven by Xom
 20392 | Spider:2 | Noticed Donald
 20403 | Spider:2 | Killed Donald
 20404 | Spider:2 | Reached skill level 5 in Evocations
 20783 | Spider:2 | Lost mutation: You are agile. (Dex +4, Str/Int -1) [Jiyva's
                  | grace]
 20783 | Spider:2 | Lost mutation: You are extremely strong-willed. (Will+++)
                  | [Jiyva's grace]
 20783 | Spider:2 | Lost mutation: Your pliable body absorbs attacks. (AC +2,
                  | EV +2) [Jiyva's grace]
 20783 | Spider:2 | Gained mutation: You passively map a small area around you.
                  | [Jiyva's grace]
 20783 | Spider:2 | Gained mutation: You passively map the area around you.
                  | [Jiyva's grace]
 20783 | Spider:2 | Gained mutation: You passively map a large area around you.
                  | [Jiyva's grace]
 20783 | Spider:2 | Gained mutation: You have hidden genetic potential.
                  | [Jiyva's grace]
 21528 | Spider:3 | Reached XP level 17. HP: 123/139 MP: 17/17
 21704 | Spider:4 | Entered Level 4 of the Spider Nest
 21789 | Spider:4 | Found a glacial archway.
 21821 | IceCv    | Entered an ice cave
 21877 | IceCv    | HP: 4/139 [ice dragon/blast of cold (33)]
 21936 | IceCv    | Got the Codex of Dark Ceremonies and Distance
 22280 | IceCv    | Noticed a golden dragon
 22291 | IceCv    | Killed a golden dragon
 22322 | IceCv    | Identified the ring "Rylu" {Fly Dex+3}
 22323 | IceCv    | Identified the ring of Suwukoz {^Contam rN++ MP+9}
 22468 | Spider:4 | Slain by an orb spider simulacrum

Illustrated notes

Levels and vault maps discovered:
D:1:      enne_arrival_octagon_isle, layout_basic, minmay_misc_feat_iff,
          minmay_unequal
D:2:      layout_basic, serial_shops, shop
D:3:      layout_rooms, hellmonk_ecumenical_altar_defaced_shrine,
          grunt_ministairs_9
D:4:      layout_rooms, kennysheep_mini_moat, minmay_pentomino_pile
D:5:      layout_rooms, nemelex_xobeh_ov_fountains_minmay
D:6:      layout_loops_ring, tgw_fedhas, mainiacjoe_overflow_big_doors,
          minmay_temple_entry_statues_pillars, gammafunk_ghost_nasty_kobolds,
          minivault_26, uniq_pikel, uniq_edmund
D:7:      gammafunk_steamed_eel, layout_loops_ring, kennysheep_generic_room_14
D:8:      gammafunk_jiyva_shrine, layout_layer_cave,
          gammafunk_temple_overflow_claw, kiku_gazebo_pond_becter,
          erik_lair_island
D:9:      layout_rooms, grunt_qazlal_clouds,
          nicolae_hepliaklqana_monster_ancestors, gammafunk_ghost_grave,
          uniq_psyche, uniq_maggie
D:10:     layout_rooms, tso_altar, grunt_gozag_statues, enter_bailey_5,
          uniq_erica, uniq_josephine
D:11:     layout_cave_pods, hiddenorc2_lemuel, serial_column_ruins,
          column_ruins_pillar_6, column_ruins_pillar_3, column_ruins_pillar_6,
          column_ruins_pillar_9, column_ruins_pillar_4, column_ruins_pillar_11,
          column_ruins_pillar_3, column_ruins_pillar_1, column_ruins_pillar_9,
          column_ruins_pillar_2, column_ruins_pillar_12, column_ruins_pillar_1
D:12:     layout_gridville
D:13:     layout_roguey
D:14:     layout_basic, lightli_vaults_fourway_checkpoint, uniq_roxanne,
          uniq_frances
Temple:   nicolae_temple_figure_zero
Lair:1:   layout_regular_city, uniq_amaemon
Lair:2:   layout_gridlike, minmay_shoals_entry_hut,
          chequers_serial_rivers_room_b, chequers_serial_rivers_micro_e,
          grunt_forest_large_clearings
Lair:3:   nzn_winding_woodlands_three_and_one
          [nzn_winding_woodlands_5x15_crooked,
          nzn_winding_woodlands_5x15_sidewinder,
          nzn_winding_woodlands_5x15_longhouse,
          nzn_winding_woodlands_center_garden], layout_gridlike,
          spider_nest_entry_web_field, minivault_24, lemuel_fruit_fields
Lair:4:   layout_long_grid, minmay_slime_entry_oklob_enclosed
Lair:5:   hangedman_lair_tendril_chambers, layout_big_grid, uniq_snorg
Spider:1: nicolae_spider_hilbert_zone_3 [nicolae_spider_hilbert_4_sides_2_open,
          nicolae_spider_hilbert_3_sides_1_open,
          nicolae_spider_hilbert_3_sides_1_open,
          nicolae_spider_hilbert_3_sides_1_open,
          nicolae_spider_hilbert_3_sides_1_open,
          nicolae_spider_hilbert_4_sides_1_open,
          nicolae_spider_hilbert_4_sides_1_open,
          nicolae_spider_hilbert_4_sides_1_open,
          nicolae_spider_hilbert_4_sides_1_open,
          nicolae_spider_hilbert_4_sides_1_open,
          nicolae_spider_hilbert_4_sides_1_open,
          nicolae_spider_hilbert_4_sides_1_open,
          nicolae_spider_hilbert_4_sides_1_open,
          nicolae_spider_hilbert_3_sides_1_open,
          nicolae_spider_hilbert_3_sides_1_open,
          nicolae_spider_hilbert_3_sides_1_open,
          nicolae_spider_hilbert_3_sides_1_open]
Spider:2: layout_spider_delve, hangedman_spider_tarantella_strand, uniq_donald
Spider:3: layout_spider_delve
Spider:4: hellmonk_spider_rune_endless_swarm, portal_ice_cave_entry_pillars_2,
          uniq_nikola
Slime:1:  layout_caves, nicolae_slime_phagocytosis
Slime:2:  layout_caves
Slime:3:  layout_caves
Slime:4:  layout_caves, cheibrodos_slime_lost_civilization_6
Slime:5:  slime_pit_nicolae_inversion
Orc:1:    layout_caves, serial_shops, nicolae_shop_rolled_up,
          nicolae_volcano_entry_batcave, nicolae_orc_flooded_monolith
Orc:2:    st_orc_pillars, layout_caves, lemuel_statue_altar

Skill      XL: |  1  2  3  4  5  6  7  8  9 10 11 12 13 14 15 16 17 |
---------------+----------------------------------------------------+-----
Dodging        | 1 2 3 4 5 6 8 9 10 11 12 13 | 13.2
Armour         | 2 3 4 6 7 8 10 11 12 13 | 13.3
Long Blades    | 4 5 6 7 9 10 13 15 16 17 18 | 18.0
Fighting       | 4 5 6 8 9 11 12 13 14 | 14.6
Evocations     | 3 7 9 |  9.3

Action                     |  1- 3 |  4- 6 |  7- 9 | 10-12 | 13-15 | 16-18 || total
---------------------------+-------+-------+-------+-------+-------+-------++-------
  Melee: Falchion          |    74 |   128 |   207 |   357 |   503 |   499 ||  1768
         Dagger            |    69 |   135 |   205 |   265 |       |       ||   674
         Headbutt          |       |       |    32 |   102 |   141 |       ||   275
         Scimitar          |       |       |       |    92 |   777 |    67 ||   936
         Rapier            |       |       |       |       |   624 |   154 ||   778
         Pseudopods        |       |       |       |       |   122 |       ||   122
         Double sword      |       |       |       |       |       |   260 ||   260
  Throw: Dart              |       |       |       |     5 |       |       ||     5
Ability: Invent Gizmo      |       |       |       |       |     1 |       ||     1
  Evoke: Wand              |       |       |     2 |    19 |       |       ||    21
    Use: Potion            |       |       |       |    22 |     1 |     5 ||    28
         Scroll            |       |       |       |    14 |       |     1 ||    15
   Stab: Paralysed         |       |     1 |     1 |     5 |       |       ||     7
         Sleeping          |       |     2 |     1 |     2 |     8 |       ||    13
         Petrifying        |       |     2 |       |       |     1 |       ||     3
         Confused          |       |       |     7 |     7 |     8 |       ||    22
         Distracted        |       |       |       |     1 |     4 |       ||     5
 Armour: Leather armour    |    63 |    87 |    45 |       |       |       ||   195
         Ring mail         |       |       |    94 |   277 |   602 |       ||   973
         Skin              |       |       |       |   122 |       |       ||   122
         Plate armour      |       |       |       |       |    19 |   798 ||   817
  Dodge: Dodged            |    55 |    79 |   106 |   218 |   868 |   588 ||  1914
         Repelled          |       |       |       |       |       |     4 ||     4
  Block: Other             |       |       |       |       |   108 |       ||   108

Table legend: (Time is in decaauts)
 A = Elapsed time spent in this place.
 B = Non-inter-level travel time spent in this place.
 C = Inter-level travel time spent in this place.
 D = Time resting spent in this place.
 E = Time spent auto-exploring this place.
 F = Levels seen in this place.
 G = Mean time per level.
                   A        B        C        D        E       F      G
               +--------+--------+--------+--------+--------+-----+--------+
         Total |  21958 |  20797 |   1161 |    748 |  14965 |  34 |  645.8 |
       Dungeon |  11219 |  10613 |    606 |    365 |   7986 |  14 |  801.4 |
        Temple |     38 |     38 |      0 |      0 |      0 |   1 |   38.0 |
          Lair |   4832 |   4537 |    295 |    141 |   3391 |   5 |  966.4 |
   Spider Nest |   2396 |   2343 |     53 |    108 |   1499 |   4 |  599.0 |
    Slime Pits |    963 |    847 |    116 |      0 |    721 |   5 |  192.6 |
  Orcish Mines |   1368 |   1279 |     89 |      0 |    836 |   2 |  684.0 |
        Bailey |    354 |    354 |      0 |      0 |    221 |   1 |  354.0 |
      Ice Cave |    552 |    552 |      0 |    134 |    217 |   1 |  552.0 |
       Volcano |    233 |    233 |      0 |      0 |     94 |   1 |  233.0 |
               +--------+--------+--------+--------+--------+-----+--------+

Top non-repeatable levels by time:
     D:8: 1489 daAuts
     D:6: 1410 daAuts
  Lair:5: 1136 daAuts
  Lair:3: 1126 daAuts
  Lair:4: 985 daAuts
     D:7: 967 daAuts
    D:11: 960 daAuts
   Orc:2: 864 daAuts
  Lair:2: 862 daAuts
Spider:1: 859 daAuts
     D:2: 846 daAuts
     D:4: 785 daAuts
     D:1: 780 daAuts
     D:3: 774 daAuts
    D:12: 755 daAuts
